 Dungeon Crawl Stone Soup version 0.21.1-1-g345015f (webtiles) character file.

44 Iko the Chiller (level 3, 0/26 HPs)
             Began as a Ghoul Ice Elementalist on June 12, 2018.
             Slain by an orc
             ... wielding a +0 hand axe
              (2 damage)
             ... on level 3 of the Dungeon.
             The game lasted 00:03:54 (336 turns).

Iko the Chiller (Ghoul Ice Elementalist)             Turns: 336, Time: 00:03:55

Health: 0/26       AC:  2    Str: 11    XL:     3   Next: 62%
Magic:  0/5        EV: 11    Int: 10    God:
Gold:   37         SH:  3    Dex: 10    Spells: 3/6 levels left

rFire    . . .     SeeInvis .   e - +0 short sword
rCold    + . .     Gourm    .   f - +0 buckler
rNeg     + + +     Faith    .   a - +0 robe
rPois    ∞         Spirit   .   (no helmet)
rElec    .         Reflect  .   (no cloak)
rCorr    .         Harm     .   (no gloves)
MR       .....                  (no boots)
Stlth    ++........             (no amulet)
HPRegen  0.00/turn              (no ring)
MPRegen  0.09/turn              (no ring)

@: rotting
A: rotting body, claws 1, carnivore, cold resistance 1, negative energy
resistance 3, inhibited regeneration, torment resistance, unbreathing
a: no special abilities


You were on level 3 of the Dungeon.
You were not hungry.

You visited 1 branch of the dungeon, and saw 3 of its levels.

You collected 37 gold pieces.

Inventory:

Hand Weapons
 e - a +0 short sword (weapon)
Armour
 a - a +0 robe (worn)
 f - a +0 buckler (worn)
Books
 b - a book of Frost

   Spells                             Type                      Level
   a - Freeze                         Ice                          1
   b - Throw Frost                    Conjuration/Ice              2
   c - Ozocubu's Armour               Charms/Ice                   3
   d - Throw Icicle                   Conjuration/Ice              4
   e - Summon Ice Beast               Ice/Summoning                4
Comestibles
 c - a ration


   Skills:
 + Level 0.1 Short Blades
 + Level 2.4 Dodging
 + Level 2.4 Stealth
 + Level 2.0 Spellcasting
 + Level 0.7 Conjurations
 + Level 4.1 Ice Magic


You had 3 spell levels left.
You knew the following spells:

 Your Spells              Type           Power        Failure   Level  Hunger
a - Freeze                Ice            #...         10%         1    ##.....
b - Throw Frost           Conj/Ice       #.....       28%         2    ###....


Dungeon Overview and Level Annotations

Branches:
Dungeon (3/15)

Altars:


Innate Abilities, Weirdness & Mutations

Your body is rotting away.
You thrive on raw meat.
You are immune to poison.
You have sharp fingernails.
You are carnivorous and can eat meat at any time.
Your flesh is cold resistant. (rC+)
You are immune to negative energy. (rN+++)
You do not regenerate when monsters are visible.
You are immune to unholy pain and torment.
You can survive without breathing.


Message History

* * * LOW HITPOINT WARNING * * *
You barely miss the orc.
The orc is severely wounded.
The orc hits you but does no damage.
You closely miss the orc.
The orc is heavily wounded.
The orc hits you with a hand axe.
* * * LOW HITPOINT WARNING * * *
You closely miss the orc.
The orc is heavily wounded.
The orc barely misses you.
Casting: Freeze
Confirm with . or Enter, or press ? or * to list all spells.
Aiming: Freeze
Press: ? - help, Shift-Dir - straight line, f - orc
Aim: an orc, wielding a hand axe (heavily wounded)
You freeze the orc.
The orc is severely wounded.
The orc hits you with a hand axe.
You die...

....... ..[.!. .#
#....##.#
#.....#.#
#....g#.#
#....o#%# .
#)#.###..#
#########g#.$.....
.......@oo(...>...
#####.###.##......
........##...###
###.####<..###
###.# #


You could see 2 orcs and a hobgoblin.

Vanquished Creatures
  An orc wizard (D:3)
  2 dart slugs
  An orc (D:3)
  2 hobgoblins (D:1)
  2 kobolds (D:1)
  2 frilled lizards
  2 goblins
  4 rats
16 creatures vanquished.

Notes
Turn   | Place    | Note
-------+----------+-------------------------------------------
     0 | D:1      | Iko the Ghoul Ice Elementalist began the quest for the Orb.
     0 | D:1      | Reached XP level 1. HP: 14/14 MP: 2/2
   177 | D:1      | Reached XP level 2. HP: 10/20 MP: 1/3
   233 | D:2      | Learned a level 2 spell: Throw Frost
   316 | D:3      | Reached skill level 4 in Ice Magic
   316 | D:3      | Reached XP level 3. HP: 16/26 MP: 0/5
   336 | D:3      | Slain by an orc

Skill      XL: |  1  2 |
---------------+-------+-----
Spellcasting   | 2 |  2.0
Dodging        | 2 |  2.4
Ice Magic      | 4 |  4.1
Short Blades   | |  0.1
Stealth        | |  2.4
Conjurations   | |  0.7

Action                   || total
-------------------------++-------
Melee: Dagger            ||    22
       Short sword       ||    17
 Cast: Freeze            ||    12
  Use: Potion            ||     1
       Scroll            ||     1
  Eat: Chunk             ||     9
Dodge: Dodged            ||    24
